 Dungeon Sprint DCSS version 0.23.2-1-ga50397a (webtiles) character file.

Game seed: 17129178442223174362

24427 razor4143 the Gnoll Aeon (level 13, -4/111 HPs)
             Began as a Gnoll Skald on May 10, 2019.
             Was the Champion of Cheibriados.
             Killed from afar by a deep troll earth mage (9 damage)
             ... with a blast of rock fragments
             ... in the Dungeon (Sprint IX: "|||||||||||||||||||||||||||||").
             The game lasted 00:08:36 (2391 turns).

razor4143 the Gnoll Aeon (Gnoll Skald)              Turns: 2391, Time: 00:08:36

Health: -4/111     AC: 22    Str: 32    XL:     13   Next: 13%
Magic:  1/30       EV: 26    Int: 33    God:    Cheibriados [******]
Gold:   1689       SH:  0    Dex: 29    Spells: 29/38 levels left

rFire    . . .     SeeInvis +   H - +1 glaive
rCold    . . .     Gourm    +   (shield currently unavailable)
rNeg     . . .     Faith    .   E - +3 chain mail {rPois}
rPois    +         Spirit   .   a - +1 hat {SInv}
rElec    .         Reflect  .   q - +0 cloak
rCorr    .         Harm     .   I - +1 pair of gloves
MR       .....     NoTele   +   F - +0 pair of boots
Stlth    +++.......             D - amulet of the gourmand
HPRegen  0.28/turn              t - +2 ring of evasion
MPRegen  0.22/turn              u - +2 ring of evasion

@: infused (expiring), singing, very slow
A: distributed training, fangs 1, strong nose
a: Bend Time, Temporal Distortion, Slouch, Step From Time, Renounce Religion


You were in the Dungeon.
You worshipped Cheibriados.
Cheibriados was exalted by your worship.
You were hungry.

You visited 1 branch You collected 1924 gold pieces.
You spent 235 gold pieces at shops.

Inventory:

Hand Weapons
 o - a +2 dire flail of protection
 p - a +2 scimitar of holy wrath
 v - a +2 halberd of protection
 H - a +1 glaive (weapon)
Missiles
 i - 43 arrows
Armour
 a - a +1 hat of see invisible (worn)
 q - a +0 cloak (worn)
 r - a +1 large shield
 E - a +3 chain mail of poison resistance (worn)
 F - a +0 pair of boots (worn)
 I - a +1 pair of gloves (worn)
Magical Staves
 n - an uncursed staff of energy
Jewellery
 s - an uncursed ring of protection from cold
 t - a +2 ring of evasion (left hand)
 u - a +2 ring of evasion (right hand)
 x - an uncursed ring of protection from magic
 C - an uncursed ring of see invisible
 D - an amulet of the gourmand (around neck)
 G - an uncursed ring of poison resistance
Wands
 b - a wand of paralysis (11)
 m - a wand of iceblast (10)
Scrolls
 c - 5 scrolls of remove curse
 g - 2 scrolls of enchant armour
 j - 4 scrolls of blinking
 l - 2 scrolls of amnesia
 w - a scroll of immolation
 y - 2 scrolls of enchant weapon
 z - a scroll of fear
 A - a scroll of fog
 B - a scroll of identify
Potions
 e - 8 potions of curing
 f - 8 potions of heal wounds
 h - 4 potions of magic
 k - 2 potions of mutation
Comestibles
 d - 11 rations


   Skills:
 + Level 13.0 Fighting
 + Level 12.3 Short Blades
 + Level 13.0 Long Blades
 + Level 12.3 Axes
 + Level 12.3 Maces & Flails
 + Level 12.3 Polearms
 + Level 12.3 Staves
 + Level 12.3 Slings
 + Level 12.3 Bows
 + Level 12.3 Crossbows
 + Level 12.3 Throwing
 + Level 12.5 Armour
 + Level 13.0 Dodging
 + Level 12.3 Stealth
 + Level 12.3 Shields
 + Level 12.3 Unarmed Combat
 + Level 13.1 Spellcasting
 + Level 10.5 Conjurations
 + Level 10.5 Hexes
 + Level 11.7 Charms
 + Level 10.5 Summonings
 + Level 10.5 Necromancy
 + Level 10.5 Translocations
 + Level 10.5 Transmutations
 + Level 10.5 Fire Magic
 + Level 10.5 Ice Magic
 + Level 10.5 Air Magic
 + Level 10.5 Earth Magic
 + Level 10.5 Poison Magic
 + Level 13.3 Invocations
 + Level 12.3 Evocations


You had 29 spell levels left.
You knew the following spells:

 Your Spells              Type           Power        Failure   Level  Hunger
a - Infusion              Chrm           ####         1%          1    None
b - Song of Slaying       Chrm           #######.     1%          2    None
c - Spectral Weapon       Hex/Chrm       #######.     1%          3    None
d - Regeneration          Chrm/Necr      #######...   1%          3    None

Your spell library contained the following spells:

 Spells                   Type           Power        Failure   Level  Hunger
 Shroud of Golubria       Chrm/Tloc      #######...   1%          2    None


Dungeon Overview and Level Annotations

Branches:
Dungeon (1/1)

Altars:
Cheibriados
Dithmenos
Elyvilon
Fedhas
Gozag
Hepliaklqana
Kikubaaqudgha
Makhleb
Nemelex Xobeh
Okawaru
Qazlal
Ru
Sif Muna
Trog
Uskayaw
Vehumet
Wu Jian
Xom
Yredelemnul
Zin
The Shining One
Beogh
Jiyva
Lugonu

Shops:
D *}?[


Innate Abilities, Weirdness & Mutations

Your experience applies equally to all skills.
You have very sharp teeth.
Your uncanny sense of smell can sniff out nearby items.


Message History

You bite the green very ugly thing.
You kill the green very ugly thing!
Cheibriados appreciates the change of pace.
Your Fighting skill increases to level 13!
Your Long Blades skill increases to level 13!
Your Dodging skill increases to level 13!
Your magical infusion is running out.
The fire dragon breathes flames at you. The blast of flame hits you!
* * * LOW HITPOINT WARNING * * *
You slash the fire dragon!
The fire dragon is moderately wounded.
The fire dragon bites you.
* * * LOW HITPOINT WARNING * * *
The fire dragon misses you. The fire dragon tramples you.
* * * LOW HITPOINT WARNING * * *
You stumble backwards!
The deep troll earth mage casts a spell at you.
The stone door frame shatters!
The blast of rock fragments hits you!
You die...

.[...'.).?........÷.........÷....
▓▓▓▓▓▓▓▓▓▓▓▓▓▓▓▓▓▓▓▓▓▓▓▓▓▓▓▓▓▓▓▓▓
.................................
▓▓▓▓▓▓▓▓▓▓▓▓▓▓▓▓▓▓▓▓▓▓▓▓▓▓▓▓▓▓▓▓▓
.').).)∩.∩.∩.∩).).['[.........))'
▓▓▓▓▓▓▓▓▓▓▓▓▓▓▓▓▓▓▓▓▓▓▓▓▓▓▓▓▓▓▓▓▓
.................................
▓▓▓▓▓▓▓▓▓▓▓▓▓▓▓▓▓▓▓▓▓▓▓▓▓▓▓▓▓▓▓▓▓
...CT)†D@')((.!(.....[[[[
▓▓▓▓▓▓▓▓▓▓▓▓▓▓▓▓▓▓▓▓▓▓▓▓▓


You could see a fire dragon, an ettin and a deep troll earth mage.

Vanquished Creatures
  Gastronok (D)
  A very ugly thing (D)
  A vampire knight (D)
  2 dire elephants (D)
  Erolcha (D)
  3 centaur warriors (D)
  A catoblepas (D)
  A death yak (D)
  A two-headed ogre (D)
  9 orc high priests (D)
  An unseen horror (D)
  An orc knight (D)
  A deep elf mage (D)
  An orc sorcerer (D)
  A cyclops (D)
  6 elephants (D)
  Psyche (D)
  2 spiny frogs (D)
  A rime drake (D)
  A komodo dragon (D)
  A yaktaur (D)
  A troll (D)
  A blink frog (D)
  2 hippogriffs (D)
  2 yaks (D)
  A shadow (D)
  A porcupine (D)
  2 water moccasins (D)
  An acid dragon (D)
  7 orc warriors (D)
  2 phantoms (D)
  2 wolves (D)
  A centaur (D)
  A crocodile (D)
  3 bullfrogs (D)
  A killer bee (D)
  A crimson imp (D)
  A quasit (D)
  A jelly (D)
  10 orc priests (D)
  2 orc wizards (D)
  A worker ant (D)
  An adder skeleton (D)
  10 orcs (D)
  A giant cockroach (D)
  2 goblins (D)
  A hobgoblin (D)
  A jackal (D)
  A frilled lizard (D)
  A rat (D)
  A spectral weapon (D)
101 creatures vanquished.

Vanquished Creatures (others)
  A spectral weapon (D)
1 creature vanquished.

Grand Total: 102 creatures vanquished

Notes
Turn   | Place    | Note
-------+----------+-------------------------------------------
     0 | D        | razor4143 the Gnoll Skald began the quest for the Orb.
     0 | D        | Reached XP level 1. HP: 20/20 MP: 6/6
    10 | D        | Reached skill level 5 in Spellcasting
    12 | D        | Reached skill level 1 in Invocations
   133 | D        | Noticed a centaur
   133 | D        | Noticed a worker ant
   133 | D        | Noticed a phantom
   146 | D        | Killed a worker ant
   146 | D        | Reached skill level 1 in Short Blades
   146 | D        | Reached skill level 1 in Axes
   146 | D        | Reached skill level 1 in Maces & Flails
   146 | D        | Reached skill level 1 in Polearms
   146 | D        | Reached skill level 1 in Staves
   146 | D        | Reached skill level 1 in Slings
   146 | D        | Reached skill level 1 in Bows
   146 | D        | Reached skill level 1 in Crossbows
   146 | D        | Reached skill level 1 in Throwing
   146 | D        | Reached skill level 1 in Stealth
   146 | D        | Reached skill level 1 in Shields
   146 | D        | Reached skill level 1 in Unarmed Combat
   146 | D        | Reached skill level 1 in Conjurations
   146 | D        | Reached skill level 1 in Hexes
   146 | D        | Reached skill level 1 in Summonings
   146 | D        | Reached skill level 1 in Necromancy
   146 | D        | Reached skill level 1 in Translocations
   146 | D        | Reached skill level 1 in Transmutations
   146 | D        | Reached skill level 1 in Fire Magic
   146 | D        | Reached skill level 1 in Ice Magic
   146 | D        | Reached skill level 1 in Air Magic
   146 | D        | Reached skill level 1 in Earth Magic
   146 | D        | Reached skill level 1 in Poison Magic
   146 | D        | Reached skill level 1 in Evocations
   146 | D        | Reached XP level 2. HP: 26/26 MP: 8/8
   146 | D        | Reached XP level 3. HP: 32/32 MP: 9/9
   150 | D        | Killed a phantom
   150 | D        | Reached skill level 5 in Fighting
   150 | D        | Reached skill level 5 in Long Blades
   150 | D        | Reached skill level 5 in Dodging
   150 | D        | Reached XP level 4. HP: 39/39 MP: 9/11
   150 | D        | Reached XP level 5. HP: 44/44 MP: 10/13
   159 | D        | Killed a centaur
   331 | D        | Found a roughly hewn altar of Beogh.
   331 | D        | Found a snail-covered altar of Cheibriados.
   331 | D        | Found a shadowy altar of Dithmenos.
   331 | D        | Found a white marble altar of Elyvilon.
   331 | D        | Found a blossoming altar of Fedhas.
   331 | D        | Found an opulent altar of Gozag.
   332 | D        | Found a hazy altar of Hepliaklqana.
   333 | D        | Found a viscous altar of Jiyva.
   334 | D        | Found an ancient bone altar of Kikubaaqudgha.
   335 | D        | Became a worshipper of Cheibriados the Contemplative
   336 | D        | Found a corrupted altar of Lugonu.
   337 | D        | Found a burning altar of Makhleb.
   338 | D        | Found a sparkling altar of Nemelex Xobeh.
   339 | D        | Found an iron altar of Okawaru.
   340 | D        | Found a stormy altar of Qazlal.
   341 | D        | Found a sacrificial altar of Ru.
   342 | D        | Found a deep blue altar of Sif Muna.
   343 | D        | Found a bloodstained altar of Trog.
   344 | D        | Found a hide-covered altar of Uskayaw.
   345 | D        | Found a radiant altar of Vehumet.
   346 | D        | Found an ornate altar of the Wu Jian Council.
   347 | D        | Found a shimmering altar of Xom.
   348 | D        | Found a basalt altar of Yredelemnul.
   349 | D        | Found a glowing silver altar of Zin.
   350 | D        | Found a glowing golden altar of the Shining One.
   396 | D        | Learned a level 2 spell: Song of Slaying
   411 | D        | Learned a level 3 spell: Spectral Weapon
   415 | D        | Learned a level 3 spell: Regeneration
   428 | D        | Noticed a yak
   428 | D        | Noticed a phantom
   430 | D        | Reached XP level 6. HP: 52/52 MP: 9/15
   451 | D        | Killed a phantom
   451 | D        | Reached * piety under Cheibriados
   451 | D        | Reached skill level 5 in Armour
   451 | D        | Reached skill level 5 in Invocations
   459 | D        | Reached ** piety under Cheibriados
   470 | D        | Killed a yak
   470 | D        | Reached skill level 5 in Short Blades
   470 | D        | Reached skill level 5 in Axes
   470 | D        | Reached skill level 5 in Maces & Flails
   470 | D        | Reached skill level 5 in Polearms
   470 | D        | Reached skill level 5 in Staves
   470 | D        | Reached skill level 5 in Slings
   470 | D        | Reached skill level 5 in Bows
   470 | D        | Reached skill level 5 in Crossbows
   470 | D        | Reached skill level 5 in Throwing
   470 | D        | Reached skill level 5 in Stealth
   470 | D        | Reached skill level 5 in Shields
   470 | D        | Reached skill level 5 in Unarmed Combat
   470 | D        | Reached skill level 5 in Evocations
   470 | D        | Reached XP level 7. HP: 43/60 MP: 15/17
   564 | D        | Noticed a centaur warrior
   564 | D        | Noticed a centaur warrior
   569 | D        | Reached *** piety under Cheibriados
   583 | D        | Killed a centaur warrior
   583 | D        | Reached skill level 5 in Conjurations
   583 | D        | Reached skill level 5 in Hexes
   583 | D        | Reached skill level 5 in Summonings
   583 | D        | Reached skill level 5 in Necromancy
   583 | D        | Reached skill level 5 in Translocations
   583 | D        | Reached skill level 5 in Transmutations
   583 | D        | Reached skill level 5 in Fire Magic
   583 | D        | Reached skill level 5 in Ice Magic
   583 | D        | Reached skill level 5 in Air Magic
   583 | D        | Reached skill level 5 in Earth Magic
   583 | D        | Reached skill level 5 in Poison Magic
   583 | D        | Reached XP level 8. HP: 31/68 MP: 14/20
   592 | D        | Killed a centaur warrior
   592 | D        | Reached **** piety under Cheibriados
   592 | D        | Reached XP level 9. HP: 31/75 MP: 16/21
   912 | D        | Noticed a spiny frog
   913 | D        | Noticed a spiny frog
   914 | D        | Killed a spiny frog
   914 | D        | Reached ***** piety under Cheibriados
   920 | D        | Noticed a rime drake
   921 | D        | Reached ****** piety under Cheibriados
   923 | D        | Killed a spiny frog
   924 | D        | Reached XP level 10. HP: 83/83 MP: 20/23
  1043 | D        | Noticed a death yak
  1043 | D        | Noticed a catoblepas
  1050 | D        | Killed a catoblepas
  1050 | D        | Reached skill level 10 in Spellcasting
  1064 | D        | Killed a death yak
  1064 | D        | Reached skill level 10 in Fighting
  1064 | D        | Reached skill level 10 in Long Blades
  1064 | D        | Reached skill level 10 in Dodging
  1078 | D        | Reached skill level 10 in Invocations
  1255 | D        | Noticed a dire elephant
  1255 | D        | Noticed a dire elephant
  1255 | D        | Noticed an elephant
  1255 | D        | Noticed an elephant
  1255 | D        | Noticed an elephant
  1255 | D        | Noticed an elephant
  1257 | D        | Noticed an elephant
  1260 | D        | Killed an elephant
  1266 | D        | Noticed an elephant
  1273 | D        | Killed a dire elephant
  1273 | D        | Reached XP level 11. HP: 65/92 MP: 14/25
  1278 | D        | Killed a dire elephant
  1278 | D        | Reached skill level 10 in Armour
  1280 | D        | Reached skill level 10 in Charms
  1283 | D        | Reached skill level 10 in Short Blades
  1283 | D        | Reached skill level 10 in Axes
  1283 | D        | Reached skill level 10 in Maces & Flails
  1283 | D        | Reached skill level 10 in Polearms
  1283 | D        | Reached skill level 10 in Staves
  1283 | D        | Reached skill level 10 in Slings
  1283 | D        | Reached skill level 10 in Bows
  1283 | D        | Reached skill level 10 in Crossbows
  1283 | D        | Reached skill level 10 in Throwing
  1283 | D        | Reached skill level 10 in Stealth
  1283 | D        | Reached skill level 10 in Shields
  1283 | D        | Reached skill level 10 in Unarmed Combat
  1283 | D        | Reached skill level 10 in Evocations
  1427 | D        | Noticed Erolcha
  1435 | D        | Killed Erolcha
  1442 | D        | Noticed Psyche
  1446 | D        | Killed Psyche
  1560 | D        | Noticed an orc sorcerer
  1574 | D        | Noticed a sixfirhy
  1580 | D        | Noticed an orc high priest
  1583 | D        | Killed an orc sorcerer
  1612 | D        | Killed an orc high priest
  1613 | D        | Noticed an orc knight
  1630 | D        | Killed an orc knight
  1811 | D        | Found Plog's Armour Boutique.
  1811 | D        | Noticed an orc high priest
  1811 | D        | Noticed an orc high priest
  1811 | D        | Noticed an orc high priest
  1811 | D        | Noticed an orc high priest
  1811 | D        | Noticed an orc high priest
  1812 | D        | Noticed an orc high priest
  1814 | D        | Killed an orc high priest
  1814 | D        | Reached XP level 12. HP: 88/101 MP: 16/27
  1819 | D        | Killed an orc high priest
  1823 | D        | Killed an orc high priest
  1827 | D        | Noticed a sun demon
  1827 | D        | Killed an orc high priest
  1827 | D        | Killed an orc high priest
  1839 | D        | Killed an orc high priest
  1856 | D        | Found Vaeb Cea's Magic Scroll Shop.
  1860 | D        | Found Nummeb's Gadget Boutique.
  1951 | D        | Found Voimitt's General Store.
  1953 | D        | Noticed an orc high priest
  1956 | D        | Noticed an orc high priest
  1964 | D        | Killed an orc high priest
  1970 | D        | Killed an orc high priest
  2000 | D        | Bought a +3 chain mail of poison resistance for 235 gold
                  | pieces
  2147 | D        | Noticed Gastronok
  2160 | D        | Killed Gastronok
  2160 | D        | Reached skill level 10 in Conjurations
  2160 | D        | Reached skill level 10 in Hexes
  2160 | D        | Reached skill level 10 in Summonings
  2160 | D        | Reached skill level 10 in Necromancy
  2160 | D        | Reached skill level 10 in Translocations
  2160 | D        | Reached skill level 10 in Transmutations
  2160 | D        | Reached skill level 10 in Fire Magic
  2160 | D        | Reached skill level 10 in Ice Magic
  2160 | D        | Reached skill level 10 in Air Magic
  2160 | D        | Reached skill level 10 in Earth Magic
  2160 | D        | Reached skill level 10 in Poison Magic
  2301 | D        | Got the +7 morningstar "Nigidiux" {flame, *Contam rElec
                  | Int+4}
  2314 | D        | Got the +1 robe of Ubuijogg {Regen+ rCorr Str-4 SInv}
  2357 | D        | Noticed a two-headed ogre
  2357 | D        | Noticed a centaur warrior
  2364 | D        | Killed a centaur warrior
  2374 | D        | Killed a two-headed ogre
  2375 | D        | Noticed a vampire knight
  2376 | D        | Noticed a green very ugly thing
  2377 | D        | Noticed a fire dragon
  2381 | D        | Noticed a deep troll earth mage
  2382 | D        | Reached XP level 13. HP: 90/109 MP: 6/29
  2385 | D        | Noticed an ettin
  2387 | D        | Killed a vampire knight
  2390 | D        | Killed a green very ugly thing
  2391 | D        | HP: 5/111 [fire dragon (4)]
  2391 | D        | Killed from afar by a deep troll earth mage

Skill      XL: |  1  2  3  4  5  6  7  8  9 10 11 12 13 |
---------------+----------------------------------------+-----
Spellcasting   | 5 6 7 8 9 10 11 12 13 | 13.1
Invocations    | 2 3 4 5 7 9 10 11 13 | 13.3
Short Blades   | 1 3 4 5 6 7 8 9 10 12 | 12.3
Axes           | 1 3 4 5 6 7 8 9 10 12 | 12.3
Maces & Flails | 1 3 4 5 6 7 8 9 10 12 | 12.3
Polearms       | 1 3 4 5 6 7 8 9 10 12 | 12.3
Staves         | 1 3 4 5 6 7 8 9 10 12 | 12.3
Slings         | 1 3 4 5 6 7 8 9 10 12 | 12.3
Bows           | 1 3 4 5 6 7 8 9 10 12 | 12.3
Crossbows      | 1 3 4 5 6 7 8 9 10 12 | 12.3
Throwing       | 1 3 4 5 6 7 8 9 10 12 | 12.3
Armour         | 3 4 5 7 8 9 11 12 | 12.5
Stealth        | 1 3 4 5 6 7 8 9 10 12 | 12.3
Shields        | 1 3 4 5 6 7 8 9 10 12 | 12.3
Unarmed Combat | 1 3 4 5 6 7 8 9 10 12 | 12.3
Conjurations   | 1 2 3 4 5 6 8 9 10 | 10.5
Hexes          | 1 2 3 4 5 6 8 9 10 | 10.5
Summonings     | 1 2 3 4 5 6 8 9 10 | 10.5
Necromancy     | 1 2 3 4 5 6 8 9 10 | 10.5
Translocations | 1 2 3 4 5 6 8 9 10 | 10.5
Transmutations | 1 2 3 4 5 6 8 9 10 | 10.5
Fire Magic     | 1 2 3 4 5 6 8 9 10 | 10.5
Ice Magic      | 1 2 3 4 5 6 8 9 10 | 10.5
Air Magic      | 1 2 3 4 5 6 8 9 10 | 10.5
Earth Magic    | 1 2 3 4 5 6 8 9 10 | 10.5
Poison Magic   | 1 2 3 4 5 6 8 9 10 | 10.5
Evocations     | 1 3 4 5 6 7 8 9 10 12 | 12.3
Fighting       | 5 6 7 8 9 10 11 12 13 | 13.0
Long Blades    | 5 6 7 8 9 10 11 12 13 | 13.0
Dodging        | 5 6 7 8 9 10 11 12 13 | 13.0
Charms         | 6 7 8 9 10 11 | 11.7

Action                   |  1- 3 |  4- 6 |  7- 9 | 10-12 | 13-15 || total
-------------------------+-------+-------+-------+-------+-------++-------
Melee: Falchion          |    26 |    10 |       |       |       ||    36
       Bite              |     3 |     7 |     8 |    58 |     3 ||    79
       Halberd           |       |    41 |    46 |   224 |       ||   311
       Glaive            |       |       |       |    19 |     9 ||    28
 Cast: Spectral Weapon   |       |     1 |     2 |     7 |       ||    10
       Song of Slaying   |       |     1 |     2 |     5 |       ||     8
       Regeneration      |       |       |       |     7 |       ||     7
       Infusion          |       |       |       |     5 |       ||     5
Invok: Slouch            |       |       |       |     7 |     1 ||     8
  Use: Potion            |     1 |     1 |     1 |       |       ||     3
 Stab: Invisible         |       |     7 |     1 |       |       ||     8
       Distracted        |       |       |       |     1 |       ||     1
  Eat: Chunk             |       |       |       |     3 |       ||     3
Armor: Leather armour    |     1 |     1 |       |       |       ||     2
       Chain mail        |       |    28 |    35 |    60 |     4 ||   127
Dodge: Dodged            |    10 |    66 |    23 |   172 |    10 ||   281
       Rpst.: Falchion   |       |     4 |       |       |       ||     4
